 Dungeon Crawl Stone Soup version 0.29.0-4-gdea44cf6ec (webtiles) character file.

Game seed: 3248207459086463776

7469 qw the Severer (level 10, -4/91 HPs)
             Began as a Minotaur Fighter on Sept 8, 2022.
             Succumbed to a hornet's poison
             ... on level 9 of the Dungeon.
             The game lasted 00:03:51 (10491 turns).

qw the Severer (Minotaur Fighter)                  Turns: 10491, Time: 00:03:51

Health: -4/91      AC: 14    Str: 25    XL:     10   Next: 94%
Magic:  9/9        EV:  7    Int:  9    God:
Gold:   492        SH:  5    Dex:  8    Spells: 9/9 levels left

rFire   . . .      SeeInvis .   Y - +0 war axe (elec)
rCold   . . .      Faith    .   c - +0 buckler
rNeg    . . .      Spirit   .   h - +0 plate armour
rPois   +          Reflect  .   (helmet restricted)
rElec   +          Harm     .   (no cloak)
rCorr   .          Rampage  .   (no gloves)
Will    .....                   b - +0 pair of boots
Stlth   ..........              (no amulet)
HPRegen 0.25/turn               (no ring)
MPRegen 0.11/turn               (no ring)

@: lethally poisoned (-4 -> -45), about to teleport
A: horns 2, retaliatory headbutt, clever 1, poison resistance, electricity
resistance
a: no special abilities


You were on level 9 of the Dungeon.
You visited 2 branches of the dungeon, and saw 10 of its levels.
You also visited: Sewer.

You collected 492 gold pieces.


Innate Abilities, Weirdness & Mutations

You have a pair of horns on your head.
You reflexively headbutt those who attack you in melee.
Your mind is acute. (Int +4, Str/Dex -1)
Your system is resistant to poisons. (rPois)
You are resistant to electric shocks. (rElec)


   Skills:
 - Level 9.1 Fighting
 + Level 15.5 Axes
 - Level 4.0 Throwing
 - Level 7.0 Armour
 - Level 2.1 Dodging
 - Level 6.1 Shields


You had 9 spell levels left.
You didn't know any spells.
Your spell library was empty.

Inventory:

Hand Weapons
 i - a +0 flail
 Y - a +0 war axe of electrocution (weapon)
Missiles
 p - 2 silver javelins (quivered)
Armour
 b - a +0 pair of boots (worn)
 c - a +0 buckler (worn)
 h - a +0 plate armour (worn)
Wands
 e - a wand of digging (9)
Scrolls
 a - 2 scrolls of teleportation
 k - 5 scrolls of identify
Potions
 d - a potion of might
 f - a potion of haste
 l - a potion of heal wounds
 m - a potion of mutation
 n - a potion of cancellation

Dungeon Overview and Level Annotations

Branches:
Dungeon (9/15)             Temple (1/1) D:4            Lair (0/5) D:8
  Sewer (visited)
    Orc: D:9-12

Altars:
Ashenzari
Cheibriados
Dithmenos
Elyvilon
Gozag
Hepliaklqana
Kikubaaqudgha
Makhleb
Nemelex Xobeh
Okawaru
Qazlal
Sif Muna
Trog
Uskayaw
Vehumet
Xom
Yredelemnul
Zin
The Shining One

Shops:
D:1 :   D:6 *

Annotations:
D:2 1 runed translucent door, Crazy Yiuf
D:9 Amaemon


Message History

You feel sick. Amaemon hits you but does no damage.
Amaemon claws you but does no damage.
Amaemon tail-slaps you but does no damage.
The hornet stings you but does no damage.
You closely miss Amaemon.
Amaemon is moderately wounded.
You hit the hornet but do no damage.
You feel sick. The hornet stings you!
You feel yourself slow down.
Amaemon says, "Need some antivenom?
Don't worry, you can trust me."
Amaemon drinks a potion.
Amaemon seems to grow stronger.
You hit Amaemon.
Amaemon is moderately wounded.
You barely miss the hornet.
You feel sick.
The hornet stings you but does no damage.
You block Amaemon's attack. Amaemon barely misses you.
You block Amaemon's attack. You block the hornet's attack.
You closely miss Amaemon.
Amaemon is moderately wounded.
You miss the hornet.
You feel sick. The hornet stings you!
You suddenly lose the ability to move!
Amaemon hits you with a -1 demon whip of venom!!
You are lethally poisoned!
Amaemon claws you. Amaemon tail-slaps you. The hornet stings you.
You can move again.
You hit Amaemon. Lightning courses through Amaemon!
Your headbutt misses Amaemon.
Amaemon is heavily wounded.
You hit the hornet.
You feel extremely sick. The hornet stings you!
You are more poisoned.
Amaemon barely misses you. You furiously retaliate!
You headbutt Amaemon! Amaemon claws you but does no damage.
Amaemon tail-slaps you but does no damage.
10491 ||| READING 3 scrolls of teleportation.
As you read the scroll of teleportation, it crumbles to dust.
You feel strangely unstable.
You feel yourself speed up.
You die...

#....................
.#...................
#.#.....:............ .
##.#............... .#
##.#...#..#.#..# .#
...#.######...######.#
###.#...#..#.#.?#...#$#
##.#....8.......86...#.#
#.#.............@y....#
.#.....8.........8.....#
#.......................
........8.......8.......
........................
.................)......
...........#.#......!..#
..########.#...........#
.## #)#


You could see Amaemon (strong) and a hornet.

Vanquished Creatures
  Erica (D:9)
  An orange demon (D:9)
  An unseen horror (D:7)
  A kobold demonologist (D:8)
  A hornet (D:6)
  A wraith (D:9)
  14 yaks
  A steam dragon (D:7)
  2 water moccasins
  Pargi (Sewer)
  3 black bears
  A sky beast (D:8)
  2 ogres
  4 centaurs
  A phantom (D:6)
  8 bullfrogs
  An elf zombie (D:5)
  2 kobold brigands (D:6)
  3 necrophages
  4 scorpions
  An elf skeleton (D:5)
  An electric eel (D:8)
  A howler monkey (D:6)
  4 hounds
  3 jellies
  A gnoll bouda (D:6)
  2 orc priests
  3 human skeletons (D:5)
  3 iguanas
  6 orc wizards
  Natasha (thrice) (D:3)
  Terence (D:3)
  15 adders
  10 gnolls
  2 white imps (D:6)
  2 worms (D:3)
  3 dart slugs (D:1)
  18 orcs
  4 endoplasms
  5 giant cockroaches
  17 goblins
  10 hobgoblins
  3 jackals (D:4)
  2 quokkas (D:1)
  8 ball pythons
  2 bats
  2 frilled lizards (D:2)
  18 kobolds
  5 orc skeletons (D:5)
  An orc zombie (D:5)
  7 rats
216 creatures vanquished.

Vanquished Creatures (others)
  35 fungi (D:8)
  43 plants (D:8)
78 creatures vanquished.

Grand Total: 294 creatures vanquished

Notes
Turn   | Place    | Note
-------+----------+-------------------------------------------
     0 | D:1      | qw the Minotaur Fighter began the quest for the Orb.
     0 | D:1      | Reached XP level 1. HP: 19/19 MP: 0/0
     0 | D:1      | 0 ||| qw: Version: 0.1-a-112-g44dc6cd
     0 | D:1      | 0 ||| qw: Game counter: 6791
     0 | D:1      | 0 ||| qw: Always use a shield: true
     0 | D:1      | 0 ||| qw: God list: Ru
     0 | D:1      | 0 ||| qw: Allow faded altars: false
     0 | D:1      | 0 ||| qw: Do Orc after D:15 true
     0 | D:1      | 0 ||| qw: Do second Lair branch before Depths: true
     0 | D:1      | 0 ||| qw: Lair rune preference: random
     0 | D:1      | 0 ||| qw: Plans: Normal
     0 | D:1      | 0 ||| PLANNING D:1-11
    30 | D:1      | 30 ||| Stepping ~*~*~tactically~*~*~ (stealth).
    32 | D:1      | 32 ||| Stepping ~*~*~tactically~*~*~ (stealth).
    45 | D:1      | Reached skill level 3 in Axes
    68 | D:1      | 68 ||| DROPPING +0 club.
   108 | D:1      | 108 ||| Stepping ~*~*~tactically~*~*~ (hiding).
   117 | D:1      | Reached XP level 2. HP: 26/26 MP: 1/1
   119 | D:1      | 119 ||| Stepping ~*~*~tactically~*~*~ (stealth).
   120 | D:1      | 120 ||| Stepping ~*~*~tactically~*~*~ (stealth).
   140 | D:1      | 140 ||| Stepping ~*~*~tactically~*~*~ (stealth).
   141 | D:1      | 141 ||| Stepping ~*~*~tactically~*~*~ (stealth).
   374 | D:1      | You fall into a shaft and drop 1 floor!
   422 | D:2      | Reached skill level 4 in Axes
   473 | D:2      | Reached XP level 3. HP: 24/31 MP: 2/2
   600 | D:2      | 600 ||| Stepping ~*~*~tactically~*~*~ (stealth).
   675 | D:2      | Found a runed translucent door.
   676 | D:2      | Noticed Crazy Yiuf
   733 | D:2      | Identified the +2 ring mail of Ru's Castigation {Dex+4}
   748 | D:2      | 748 ||| Stepping ~*~*~tactically~*~*~ (stealth).
   774 | D:2      | Found an opulent altar of Gozag.
   871 | D:2      | 871 ||| DROPPING orb of mayhem.
   872 | D:2      | 872 ||| UPGRADING to +2 ring mail of Ru's Castigation
                  | {Dex+4}.
   882 | D:2      | 882 ||| DROPPING +0 scale mail.
   883 | D:2      | 883 ||| READING 2 scrolls labelled AGUPHUGHOB.
   888 | D:2      | 888 ||| READING scroll labelled VIGOBL LOUNAB.
   889 | D:2      | 889 ||| READING 2 scrolls labelled ZINOZE KAAGI.
   890 | D:2      | 890 ||| DRINKING 2 fuming black potions.
   890 | D:2      | Gained mutation: Your magical capacity is low. (-10% MP)
                  | [potion of mutation]
   890 | D:2      | Gained mutation: You are resistant to electric shocks.
                  | (rElec) [potion of mutation]
   890 | D:2      | Gained mutation: You are frail. (-10% HP) [potion of
                  | mutation]
   890 | D:2      | Gained mutation: You have sharp toenails. [potion of
                  | mutation]
   891 | D:2      | 891 ||| DRINKING potion of mutation.
   891 | D:2      | Lost mutation: Your magical capacity is low. (-10% MP)
                  | [potion of mutation]
   891 | D:2      | Lost mutation: You have sharp toenails. [potion of
                  | mutation]
   891 | D:2      | Lost mutation: You are frail. (-10% HP) [potion of
                  | mutation]
   891 | D:2      | Gained mutation: Your system is resistant to poisons.
                  | (rPois) [potion of mutation]
   891 | D:2      | Gained mutation: Your mind is acute. (Int +4, Str/Dex -1)
                  | [potion of mutation]
   923 | D:2      | 923 ||| DRINKING 2 green potions.
  1056 | D:1      | Found Hehirir's Book Shoppe.
  1236 | D:1      | Reached skill level 1 in Dodging
  1341 | D:1      | Found a faded altar of an unknown god.
  1342 | D:1      | 1342 ||| Stepping ~*~*~tactically~*~*~ (stealth).
  1343 | D:1      | 1343 ||| Stepping ~*~*~tactically~*~*~ (stealth).
  1629 | D:1      | 1629 ||| UPGRADING to +0 chain mail.
  1639 | D:1      | 1639 ||| DROPPING +2 ring mail of Ru's Castigation {Dex+4}.
  1640 | D:1      | 1640 ||| READING scroll labelled BAOSHR MACVY.
  1641 | D:1      | 1641 ||| DRINKING 2 bubbling green potions.
  1642 | D:1      | 1642 ||| DROPPING potion of degeneration.
  1731 | D:2      | Reached skill level 5 in Axes
  1731 | D:2      | Reached XP level 4. HP: 29/39 MP: 3/3
  2260 | D:2      | 2260 ||| DRINKING 2 purple potions.
  2361 | D:2      | 2361 ||| DRINKING 2 fizzy orange potions.
  2400 | D:2      | 2400 ||| DROPPING potion of ambrosia.
  2401 | D:2      | 2401 ||| DROPPING potion of lignification.
  2442 | D:3      | 2442 ||| PLANNING SEWER
  2641 | D:3      | Found a shadowy altar of Dithmenos.
  2793 | D:3      | Found a glowing drain.
  2794 | D:3      | 2794 ||| READING scroll labelled NIEVEA OHIOLI.
  2795 | D:3      | 2795 ||| READING scroll labelled OTAUNYSERPH.
  2809 | D:3      | 2809 ||| Stepping ~*~*~tactically~*~*~ (water).
  2901 | Sewer    | Entered a sewer
  3074 | Sewer    | Noticed Pargi
  3094 | Sewer    | Killed Pargi
  3095 | Sewer    | Reached skill level 6 in Axes
  3095 | Sewer    | Reached XP level 5. HP: 15/45 MP: 4/4
  3298 | Sewer    | 3298 ||| READING scroll labelled WUCOUG OWUNYJ.
  3314 | D:3      | 3314 ||| PLANNING D:1-11
  3352 | D:3      | Noticed Terence
  3353 | D:3      | 3353 ||| Stepping ~*~*~tactically~*~*~ (hiding).
  3356 | D:3      | 3356 ||| Stepping ~*~*~tactically~*~*~ (hiding).
  3365 | D:3      | Killed Terence
  3366 | D:3      | Reached skill level 7 in Axes
  3368 | D:3      | 3368 ||| DROPPING +0 whip.
  3401 | D:3      | Noticed Natasha
  3402 | D:3      | 3402 ||| Stepping ~*~*~tactically~*~*~ (hiding).
  3409 | D:3      | Killed Natasha
  3530 | D:3      | Noticed Natasha
  3531 | D:3      | 3531 ||| Stepping ~*~*~tactically~*~*~ (stealth).
  3548 | D:3      | Killed Natasha
  3549 | D:3      | Reached XP level 6. HP: 22/52 MP: 5/5
  3592 | D:3      | Noticed Natasha
  3593 | D:3      | 3593 ||| Stepping ~*~*~tactically~*~*~ (stealth).
  3831 | D:3      | 3831 ||| DROPPING +4 hand axe of electrocution.
  3893 | D:3      | 3893 ||| Stepping ~*~*~tactically~*~*~ (stealth).
  3894 | D:3      | 3894 ||| Stepping ~*~*~tactically~*~*~ (stealth).
  3895 | D:3      | 3895 ||| Stepping ~*~*~tactically~*~*~ (stealth).
  3902 | D:3      | Killed Natasha
  4057 | D:3      | 4057 ||| READING scroll labelled ZOONATU TORGHA.
  4058 | D:3      | 4058 ||| READING 2 scrolls of identify.
  4058 | D:3      | 4058 ||| IDENTIFYING glowing orange potion
  4059 | D:3      | 4059 ||| DROPPING potion of brilliance.
  4078 | D:4      | 4078 ||| Stepping ~*~*~tactically~*~*~ (stealth).
  4080 | D:4      | 4080 ||| Stepping ~*~*~tactically~*~*~ (hiding).
  4085 | D:4      | 4085 ||| Stepping ~*~*~tactically~*~*~ (hiding).
  4090 | D:4      | Reached skill level 1 in Throwing
  4278 | D:4      | 4278 ||| Stepping ~*~*~tactically~*~*~ (stealth).
  4373 | D:4      | Reached skill level 8 in Axes
  4986 | D:4      | Identified the +8 hand axe "Asenenk" {freeze, Fly rN+}
  5039 | D:4      | Found a staircase to the Ecumenical Temple.
  5040 | D:4      | 5040 ||| PLANNING TEMPLE
  5040 | D:4      | 5040 ||| READING 2 scrolls of identify.
  5040 | D:4      | 5040 ||| IDENTIFYING cyan potion
  5054 | Temple   | Entered the Ecumenical Temple
  5092 | Temple   | 5092 ||| PLANNING D:1-11
  5543 | D:4      | 5543 ||| READING 2 scrolls of identify.
  5543 | D:4      | 5543 ||| IDENTIFYING dark potion
  5544 | D:4      | 5544 ||| DROPPING potion of flight.
  5574 | D:5      | Entered Level 5 of the Dungeon
  5575 | D:5      | 5575 ||| PLANNING OSSUARY
  5691 | D:5      | Reached XP level 7. HP: 59/59 MP: 6/6
  5839 | D:5      | Reached skill level 9 in Axes
  6008 | D:5      | Noticed a +0 spear
  6008 | D:5      | Noticed a +0 short sword
  6015 | D:5      | Noticed a +0 dagger
  6016 | D:5      | Noticed a +0 spear
  6016 | D:5      | Noticed a +0 short sword
  6017 | D:5      | Noticed a +0 dagger
  6018 | D:5      | Noticed a +0 falchion
  6037 | D:5      | Noticed a +0 falchion
  6049 | D:5      | Found a hide-covered altar of Uskayaw.
  6087 | D:5      | 6087 ||| Stepping ~*~*~tactically~*~*~ (stealth).
  6088 | D:5      | 6088 ||| Stepping ~*~*~tactically~*~*~ (stealth).
  6095 | D:5      | 6095 ||| FLEEEEING.
  6099 | D:5      | 6099 ||| FLEEEEING.
  6101 | D:5      | 6101 ||| FLEEEEING.
  6153 | D:5      | 6153 ||| FLEEEEING.
  6159 | D:5      | 6159 ||| FLEEEEING.
  6160 | D:5      | 6160 ||| FLEEEEING.
  6161 | D:5      | 6161 ||| STAIRDANCE
  6191 | D:4      | 6191 ||| READING scroll labelled ZEOX DUXKASA.
  6192 | D:4      | 6192 ||| READING 2 scrolls labelled WUPAMONTAX.
  6193 | D:4      | 6193 ||| READING scroll labelled GAERITHREAD.
  6194 | D:4      | 6194 ||| DRINKING 2 fizzy inky potions.
  6195 | D:4      | 6195 ||| DROPPING scroll of vulnerability.
  6196 | D:4      | 6196 ||| DROPPING potion of magic.
  6199 | D:5      | 6199 ||| STAIRDANCE
  6300 | D:5      | 6300 ||| RIP OSSUARY
  6412 | D:5      | 6412 ||| PLANNING D:1-11
  6446 | D:5      | Reached skill level 10 in Axes
  6446 | D:5      | Reached XP level 8. HP: 69/69 MP: 7/7
  6484 | D:5      | Reached skill level 6 in Fighting
  6588 | D:6      | Noticed a hornet
  6590 | D:6      | 6590 ||| DRINKING 2 potions of curing.
  6590 | D:6      | 6590 ||| (to cure confusion)
  6595 | D:6      | Killed a hornet
  6596 | D:6      | Reached skill level 11 in Axes
  6600 | D:6      | 6600 ||| Stepping ~*~*~tactically~*~*~ (stealth).
  6602 | D:6      | Found a basalt altar of Yredelemnul.
  6900 | D:6      | Found an iron altar of Okawaru.
  6971 | D:6      | Found Hes Xiri's Gadget Gallery.
  6976 | D:6      | 6976 ||| SHOPLISTING wand of digging (6) (327 gold, have
                  | 326).
  7038 | D:6      | 7038 ||| FLEEEEING.
  7039 | D:6      | 7039 ||| FLEEEEING.
  7040 | D:6      | 7040 ||| FLEEEEING.
  7041 | D:6      | 7041 ||| FLEEEEING.
  7042 | D:6      | 7042 ||| FLEEEEING.
  7043 | D:6      | 7043 ||| FLEEEEING.
  7055 | D:6      | 7055 ||| FLEEEEING.
  7056 | D:6      | 7056 ||| FLEEEEING.
  7057 | D:6      | 7057 ||| FLEEEEING.
  7058 | D:6      | 7058 ||| FLEEEEING.
  7059 | D:6      | 7059 ||| FLEEEEING.
  7060 | D:6      | 7060 ||| FLEEEEING.
  7061 | D:6      | 7061 ||| FLEEEEING.
  7062 | D:6      | 7062 ||| FLEEEEING.
  7063 | D:6      | 7063 ||| FLEEEEING.
  7064 | D:6      | 7064 ||| FLEEEEING.
  7065 | D:6      | 7065 ||| FLEEEEING.
  7066 | D:6      | 7066 ||| FLEEEEING.
  7067 | D:6      | 7067 ||| FLEEEEING.
  7068 | D:6      | 7068 ||| FLEEEEING.
  7069 | D:6      | 7069 ||| FLEEEEING.
  7070 | D:6      | 7070 ||| FLEEEEING.
  7071 | D:6      | 7071 ||| FLEEEEING.
  7072 | D:6      | 7072 ||| FLEEEEING.
  7073 | D:6      | 7073 ||| FLEEEEING.
  7074 | D:6      | 7074 ||| FLEEEEING.
  7075 | D:6      | 7075 ||| FLEEEEING.
  7076 | D:6      | 7076 ||| FLEEEEING.
  7077 | D:6      | 7077 ||| FLEEEEING.
  7078 | D:6      | 7078 ||| FLEEEEING.
  7079 | D:6      | 7079 ||| FLEEEEING.
  7080 | D:6      | 7080 ||| FLEEEEING.
  7081 | D:6      | 7081 ||| FLEEEEING.
  7082 | D:6      | 7082 ||| FLEEEEING.
  7157 | D:6      | 7157 ||| Stepping ~*~*~tactically~*~*~ (stealth).
  7182 | D:6      | 7182 ||| Stepping ~*~*~tactically~*~*~ (stealth).
  7187 | D:6      | 7187 ||| Stepping ~*~*~tactically~*~*~ (stealth).
  7197 | D:6      | 7197 ||| Stepping ~*~*~tactically~*~*~ (stealth).
  7348 | D:6      | 7348 ||| Stepping ~*~*~tactically~*~*~ (stealth).
  7361 | D:6      | Reached skill level 12 in Axes
  7559 | D:6      | Reached skill level 3 in Throwing
  7585 | D:6      | Reached XP level 9. HP: 27/78 MP: 8/8
  7956 | D:6      | 7956 ||| Stepping ~*~*~tactically~*~*~ (stealth).
  7961 | D:6      | 7961 ||| DRINKING potion of curing.
  7961 | D:6      | 7961 ||| (to cure confusion)
  7978 | D:6      | 7978 ||| UPGRADING to +0 pair of boots.
  7983 | D:6      | 7983 ||| UPGRADING to +0 plate armour.
  7993 | D:6      | 7993 ||| DROPPING +0 chain mail.
  8026 | D:7      | 8026 ||| Stepping ~*~*~tactically~*~*~ (stealth).
  8030 | D:7      | 8030 ||| Stepping ~*~*~tactically~*~*~ (stealth).
  8032 | D:7      | 8032 ||| Stepping ~*~*~tactically~*~*~ (stealth).
  8044 | D:7      | Reached skill level 6 in Armour
  8048 | D:7      | Reached skill level 13 in Axes
  8406 | D:7      | HP: 17/81 [something (7)]
  8411 | D:7      | HP: 7/81 [something (8)]
  8412 | D:7      | Killed an unseen horror
  8413 | D:7      | Reached skill level 6 in Shields
  9217 | D:7      | 9217 ||| READING scroll labelled QADAHAKHUE.
  9218 | D:7      | 9218 ||| READING scroll labelled FAIMMU COVAOTEA.
  9219 | D:7      | 9219 ||| READING 7 scrolls of identify.
  9219 | D:7      | 9219 ||| IDENTIFYING emerald potion
  9220 | D:7      | 9220 ||| READING 6 scrolls of identify.
  9220 | D:7      | 9220 ||| IDENTIFYING grey potion
  9221 | D:7      | 9221 ||| READING 5 scrolls of identify.
  9221 | D:7      | 9221 ||| IDENTIFYING bubbling pink potion
  9222 | D:7      | 9222 ||| DROPPING potion of berserk rage.
  9284 | D:8      | Reached XP level 10. HP: 88/88 MP: 9/9
  9462 | D:8      | 9462 ||| Stepping ~*~*~tactically~*~*~ (stealth).
  9467 | D:8      | 9467 ||| Stepping ~*~*~tactically~*~*~ (stealth).
  9476 | D:8      | 9476 ||| Stepping ~*~*~tactically~*~*~ (stealth).
  9501 | D:8      | 9501 ||| Stepping ~*~*~tactically~*~*~ (stealth).
  9507 | D:8      | 9507 ||| Stepping ~*~*~tactically~*~*~ (stealth).
  9515 | D:8      | 9515 ||| Stepping ~*~*~tactically~*~*~ (stealth).
  9525 | D:8      | Reached skill level 14 in Axes
  9741 | D:8      | Found an ancient bone altar of Kikubaaqudgha.
  9859 | D:8      | Found a staircase to the Lair.
  9936 | D:8      | Found a hazy altar of Hepliaklqana.
  9960 | D:8      | 9960 ||| READING 6 scrolls of identify.
  9960 | D:8      | 9960 ||| IDENTIFYING silvery potion
  9961 | D:8      | 9961 ||| DROPPING potion of attraction.
  9986 | D:9      | 9986 ||| Stepping ~*~*~tactically~*~*~ (hiding).
 10097 | D:9      | 10097 ||| Stepping ~*~*~tactically~*~*~ (hiding).
 10107 | D:9      | 10107 ||| FLEEEEING.
 10150 | D:9      | Noticed Erica
 10163 | D:9      | Killed Erica
 10164 | D:9      | Reached skill level 15 in Axes
 10166 | D:9      | 10166 ||| Stepping ~*~*~tactically~*~*~ (stealth).
 10167 | D:9      | 10167 ||| Stepping ~*~*~tactically~*~*~ (stealth).
 10169 | D:9      | 10169 ||| FLEEEEING.
 10170 | D:9      | 10170 ||| FLEEEEING.
 10171 | D:9      | 10171 ||| FLEEEEING.
 10172 | D:9      | 10172 ||| FLEEEEING.
 10173 | D:9      | 10173 ||| STAIRDANCE
 10281 | D:9      | 10281 ||| STAIRDANCE
 10292 | D:9      | Reached skill level 9 in Fighting
 10292 | D:9      | 10292 ||| STAIRDANCE
 10475 | D:9      | Noticed an orange demon
 10476 | D:9      | Noticed Amaemon
 10483 | D:9      | Killed an orange demon
 10489 | D:9      | Paralysed by a hornet for 1 turns
 10490 | D:9      | HP: 18/91 [poisoned by Amaemon]
 10491 | D:9      | 10491 ||| READING 3 scrolls of teleportation.
 10491 | D:9      | Succumbed to a hornet's poison

Levels and vault maps discovered:
D:1:      co_arrival_square_in_a_square_in_a_square, layout_loops_corners,
          basic_ecumenical_altar, serial_shops, nicolae_shop_trees
D:2:      layout_basic, basic_altar, minmay_split_cup_small,
          uniq_crazy_yiuf_cottage
D:3:      layout_basic, grunt_dithmenos_smoke_and_mirrors,
          cheibrodos_sewer_entry_bend, hangedman_decor_points, uniq_natasha,
          uniq_terence
D:4:      layout_basic, minmay_temple_entry_junction, dk_rats_in_the_wall
D:5:      layout_loops_ring, nicolae_uskayaw_en_pointe,
          nicolae_ossuary_entry_catacombs
D:6:      cheibrodos_thug_alley, layout_basic, kennysheep_mini,
          mainiacjoe_overflow_catwalk, nicolae_shop_gadgets
D:7:      layout_rooms, enter_bailey_7
D:8:      layout_cave_pools, mainiacjoe_overflow_surrounded_room,
          nzn_hepliaklqana_mist_gate, due_lair_maze_entry_diamond,
          minmay_crystal_water
D:9:      wad_pebble_path, layout_loops_corners,
          mainiacjoe_overflow_catwalk_spiral, uniq_joseph, uniq_erica,
          uniq_amaemon
Temple:   nicolae_temple_ecumenical_triangle

Skill      XL: |  1  2  3  4  5  6  7  8  9 10 |
---------------+-------------------------------+-----
Axes           | 3 4 5 6 7 8 10 12 13 15 | 15.5
Dodging        | 1 2 |  2.1
Fighting       | 4 5 6 8 9 |  9.1
Throwing       | 2 3 4 |  4.0
Shields        | 4 6 |  6.1
Armour         | 4 6 7 |  7.0

Action                   |  1- 3 |  4- 6 |  7- 9 | 10-12 || total
-------------------------+-------+-------+-------+-------++-------
Melee: War axe           |    77 |   135 |   213 |   114 ||   539
       Headbutt          |    12 |    16 |    38 |    17 ||    83
Throw: Boomerang         |       |    19 |    11 |    17 ||    47
       Javelin           |       |    21 |    35 |    12 ||    68
  Use: Scroll            |     4 |     7 |     8 |     2 ||    21
       Potion            |     4 |     2 |     3 |       ||     9
Armor: Scale mail        |    15 |       |       |       ||    15
       Ring mail         |     5 |       |       |       ||     5
       Chain mail        |     1 |    64 |    72 |       ||   137
       Plate armour      |       |       |    44 |    69 ||   113
Dodge: Dodged            |    23 |    43 |    36 |    32 ||   134
Block: Buckler           |     7 |    16 |    31 |    20 ||    74

Table legend:
 A = Non-vault XP
 B = Vault XP
 C = Vault XP percentage of total XP
 D = Non-vault monster count
 E = Vault monster count
 F = Vault count percentage of total count
                 A         B        C        D         E       F
            +---------+---------+-------+---------+---------+-------
      Total |    7470 |    3201 |  30.0 |     164 |      52 |  24.1
            +---------+---------+-------+---------+---------+-------
        D:1 |      52 |       0 |   0.0 |      26 |       0 |   0.0
        D:2 |      33 |      18 |  35.3 |      15 |       3 |  16.7
        D:3 |     129 |      77 |  37.4 |      14 |       4 |  22.2
        D:4 |     258 |       0 |   0.0 |      25 |       0 |   0.0
        D:5 |     592 |     286 |  32.6 |      15 |      11 |  42.3
        D:6 |    1195 |     204 |  14.6 |      28 |      11 |  28.2
        D:7 |    2437 |       8 |   0.3 |      17 |       4 |  19.0
        D:8 |    1106 |    1198 |  52.0 |      14 |      10 |  41.7
        D:9 |    1668 |    1252 |  42.9 |      10 |       2 |  16.7
      Sewer |       0 |     158 | 100.0 |       0 |       7 | 100.0
            +---------+---------+-------+---------+---------+-------
